 Dungeon Crawl Stone Soup version 0.31-a0-564-g3b7de120b3 (webtiles) character file.

Game seed: 1194068467786747616

81 ytrimaz the Ruffian (level 4, -2/42 HPs)
             Began as an Octopode Shapeshifter on Aug 18, 2023.
             Succumbed to Robin's poison
             ... on level 3 of the Dungeon.
             The game lasted 00:01:41 (1078 turns).

ytrimaz the Ruffian (Octopode Shapeshifter)         Turns: 1078, Time: 00:01:42

Health: -2/42      AC: 22    Str: 16    XL:     4   Next: 40%
Magic:  4/4        EV:  2    Int: 10    God:
Gold:   70         SH:  0    Dex: 12    Spells: 3/3 levels left

rFire   . .          .
                       - Unarmed
rCold   . . .        (no shield)
rNeg    . . .        (helmet currently unavailable)
rPois   +            (no amulet)
rElec   .            (no ring)
rCorr   .            (no ring)
SInv    .            (no ring)
Will    +....        (no ring)
Stlth   +            (no ring)
HPRegen 0.27/turn    (no ring)
MPRegen 0.09/turn    (no ring)
                     (no ring)

%: no passive effects
@: mighty, lethally poisoned (-2 -> -22), tree-form, enlightened
A: stationary, stasis, torment immunity, boosted hp, almost no armour,
(amphibious), 8 rings, (camouflage 1), (gelatinous body 1), (nimble swimmer 1),
(tentacles)
a: no special abilities


You were on level 3 of the Dungeon.
You were a tree.
You visited 1 branch of the dungeon, and saw 3 of its levels.

You collected 70 gold pieces.


Innate Abilities, Weirdness & Mutations

You are a tree.
Your roots penetrate the ground, keeping you stationary.
You cannot be teleported.
You are immune to unholy pain and torment.
Your maximum health is greatly increased.
You cannot wear most types of armour.
((You are amphibious.))
You can wear up to eight rings at the same time.
((Your skin changes colour to match your surroundings (Stealth+).))
((Your rubbery body absorbs attacks. (AC +1, EV +1)))
((You are camouflaged when in or above water. (Stealth+)))
((You have tentacles for arms and can constrict up to eight enemies at once.))


   Skills:
 - Level 1.0 Fighting
 + Level 3.0 Dodging
 + Level 3.7 Unarmed Combat
 * Level 3.6 Shapeshifting


You had 3 spell levels left.
You didn't know any spells.
Your spell library contained the following spells:

 Spells                   Type           Power      Damage    Failure   Level
 Hailstorm                Conj/Ice       0%         3d3       75%         3
 Summon Ice Beast         Ice/Summ       0%         N/A       98%         4
 Simulacrum               Ice/Necr       0%         N/A       100%        6

Inventory:

Talismans
 b - a beast talisman
 c - a flux talisman
 h - a granite talisman
   (You found it on level 2 of the Dungeon)
 k - a talisman of death
   (You found it on level 2 of the Dungeon)
Scrolls
 f - a scroll of revelation {unknown}
 g - a scroll of fog
 i - a scroll of noise {unknown}
Potions
 a - 2 potions of lignification
 d - a potion of might
 j - a potion of degeneration {unknown}
 l - a potion of attraction {unknown}

Dungeon Overview and Level Annotations

Branches:
Dungeon (3/15) Zot: 16922

Altars:

Shops:
D:1 (

Annotations:
D:3 Robin

..............###.#
..............##..###..
......................#
..........(...##<.#.....
#....................###
#...................#
######.###..........#
#.# #..........#
#♣###..........#
#g##...........#.
#)#..............
...####.#.#..g..g...(..
..........#gg..........
###.###..##............
##...gg.gg.#.####
#..####..## # #... ...#


You could see Robin.


Message History

You barely miss the goblin. Your grab misses the goblin.
The goblin hits you with a +0 dagger. 😕 HP[-2]
You take 2 damage, and now have 22/28 hp.
You bludgeon the goblin!
You kill the goblin!
Your Dodging skill increases to level 3! 😕 HP[+1]
You closely miss the hobgoblin. You grab the hobgoblin.
You constrict the hobgoblin.
The hobgoblin no longer looks unusually strong.
The goblin no longer looks unusually strong.
The hobgoblin closely misses you.
Unknown command.
You bludgeon the hobgoblin!
You kill the hobgoblin!
The goblin no longer looks unusually strong.
You tentacle-slap the goblin.
You kill the goblin!
A goblin comes into view. It is wielding a +0 dagger.
The goblin hits you with a +0 dagger. Robin throws the goblin at you!
Items here: )))) †††.
You are too injured to fight recklessly! 😮 HP[-2]
You take 2 damage, and now have 21/28 hp.
Unknown command.
You tentacle-slap the goblin.
You kill the goblin!
The goblin no longer looks unusually strong.
The goblin hits you but does no damage.
You are too injured to fight recklessly!
You tentacle-slap the hobgoblin.
You kill the hobgoblin!
Robin throws the goblin at you! The goblin hits you but does no damage.
You are too injured to fight recklessly!
You closely miss the goblin. Your grab misses the goblin.
The goblin closely misses you. x2
Unknown command.
You closely miss the goblin. You grab the goblin. You tentacle-slap the goblin.
You constrict the goblin.
You kill the goblin!
The goblin misses you.
You see here a +0 dagger. 😕 HP[+1]
You closely miss the goblin. Your grab misses the goblin.
You squeeze the goblin.
You kill the goblin!
Robin roars a battlecry!
The goblins go into a battle-frenzy!
You see here a +0 dagger.
You bludgeon the hobgoblin!
You kill the hobgoblin!
Robin throws the goblin at you! The goblin barely misses you.
Unknown command. 😮 HP[-2]
You take 2 damage, and now have 20/28 hp.
Items here: ))))) †††††.
You are too injured to fight recklessly!
You tentacle-slap Robin. Your grab misses Robin. You squeeze Robin!
Robin hits you with a +2 dagger of venom.
You are poisoned.
The goblin barely misses you. 😮 HP[-5]
You take 5 damage, and now have 15/28 hp.
You tentacle-slap the goblin but do no damage.
You grab the goblin. You squeeze the goblin.
You kill the goblin!
You feel sick. Robin barely misses you. 😨 HP[-2]
You take 2 damage, and now have 13/28 hp.
You are too injured to fight recklessly!
Robin attacks as you move away!
Robin hits you with a +2 dagger of venom.
* * * LOW HITPOINT WARNING * * *
You are lethally poisoned!
* * * LOW HITPOINT WARNING * * *
You feel very sick.
Robin says, "Feeling lonely?"
Things that are here:
a +0 dagger; a +0 dagger; a goblin corpse 😱 HP[-7]
You take 7 damage, and now have 6/28 hp.
MASSIVE DAMAGE!! (PAUSE)
Your transformation has ended.
You turn into a tree.
Your roots penetrate the ground.
* * * LOW HITPOINT WARNING * * *
You feel very sick. Robin hits you but does no damage.
You now have 42 max hp (+14).
Unknown command.
It was a potion of might.
You feel very mighty all of a sudden.
* * * LOW HITPOINT WARNING * * *
You feel very sick. Robin hits you but does no damage.
You are more poisoned. 😱 HP[-3]
You take 3 damage, and now have 3/42 hp.
It was a potion of enlightenment.
Your roots keep you in place.
You die...

Skill      XL: |  1  2  3  4 |
---------------+-------------+-----
Dodging        | 3 |  3.0
Fighting       | |  1.0
Unarmed Combat | |  3.7
Shapeshifting  | |  3.6

Action                     |  1- 3 |  4- 6 || total
---------------------------+-------+-------++-------
  Melee: Unarmed           |    52 |    21 ||    73
         Constrict         |    14 |     5 ||    19
         Tentacles         |    12 |     3 ||    15
         Punch             |     1 |     2 ||     3
    Use: Scroll            |     2 |       ||     2
         Potion            |       |     3 ||     3
   Stab: Sleeping          |     7 |       ||     7
         Distracted        |     1 |       ||     1
 Armour: Skin              |     7 |     6 ||    13
  Dodge: Dodged            |    15 |    12 ||    27
   Form: Flux              |     1 |       ||     1
         Statue            |       |     1 ||     1
         Beast             |       |     1 ||     1

Levels and vault maps discovered:
D:1:      tekkud_arrival_beachfront_property, layout_rooms, serial_shops,
          nicolae_shop_gibbet_a_chance
D:2:      layout_rooms
D:3:      layout_rooms, old_standard_altar, lemuel_crystal_altar,
          roderic_serpentine_path, uniq_robin, uniq_terence

Notes
Turn   | Place    | Note
-------+----------+-------------------------------------------
     0 | D:1      | ytrimaz the Octopode Shapeshifter began the quest for the
                  | Orb.
     0 | D:1      | Reached XP level 1. HP: 13/13 MP: 1/1
     0 | D:1      | magus.rc [v1.9.6]
    88 | D:1      | Reached XP level 2. HP: 18/18 MP: 2/2
   100 | D:1      | Found Nitik's Weapon Emporium.
   175 | D:1      | Reached XP level 3. HP: 17/23 MP: 3/3
   729 | D:2      | You pick up a book of the Tundra and begin reading...
   729 | D:2      | You add the spells Hailstorm, Summon Ice Beast and
                  | Simulacrum to your library.
   807 | D:2      | Reached XP level 4. HP: 12/28 MP: 4/4
   883 | D:2      | Identified the +5 dagger "Zuofri" {drain, MP+9}
  1040 | D:3      | Noticed Robin
  1059 | D:3      | Reached skill level 3 in Dodging
  1075 | D:3      | HP: 6/28 [poisoned by Robin]
  1078 | D:3      | Succumbed to Robin's poison

Vanquished Creatures
  A gnoll (D:1)
  2 adders (D:2)
  2 dart slugs (D:1)
  2 bats (D:1)
  4 endoplasms
  4 giant cockroaches
  10 goblins
  8 hobgoblins
  A quokka (D:1)
  A ball python (D:1)
  2 frilled lizards
  7 kobolds
  2 rats (D:1)
46 creatures vanquished.

Table legend:
 A = Non-vault XP
 B = Vault XP
 C = Vault XP percentage of total XP
 D = Non-vault monster count
 E = Vault monster count
 F = Vault count percentage of total count
                 A         B        C        D         E       F
            +---------+---------+-------+---------+---------+-------
      Total |      98 |      18 |  15.5 |      35 |      11 |  23.9
            +---------+---------+-------+---------+---------+-------
        D:1 |      61 |       0 |   0.0 |      27 |       0 |   0.0
        D:2 |      36 |       0 |   0.0 |       7 |       0 |   0.0
        D:3 |       1 |      18 |  94.7 |       1 |      11 |  91.7
            +---------+---------+-------+---------+---------+-------

Skill      XL: |  1  2  3  4 |
---------------+-------------+-----
Dodging        | 3 |  3.0
Fighting       | |  1.0
Unarmed Combat | |  3.7
Shapeshifting  | |  3.6

Action                     |  1- 3 |  4- 6 || total
---------------------------+-------+-------++-------
  Melee: Unarmed           |    52 |    21 ||    73
         Constrict         |    14 |     5 ||    19
         Tentacles         |    12 |     3 ||    15
         Punch             |     1 |     2 ||     3
    Use: Scroll            |     2 |       ||     2
         Potion            |       |     3 ||     3
   Stab: Sleeping          |     7 |       ||     7
         Distracted        |     1 |       ||     1
 Armour: Skin              |     7 |     6 ||    13
  Dodge: Dodged            |    15 |    12 ||    27
   Form: Flux              |     1 |       ||     1
         Statue            |       |     1 ||     1
         Beast             |       |     1 ||     1

Illustrated notes

Table legend:
 A = Kills in this place as a percentage of kills in the entire game.
 B = Kills by you in this place as a percentage of kills by you in the entire game.
 C = Kills by friends in this place as a percentage of kills by friends in the entire game.
 D = Other kills in this place as a percentage of other kills in the entire game.
 E = Experience gained in this place as a percentage of experience gained in the entire game.
 F = Experience gained in this place divided by the number of levels of this place that you have seen.
                   A       B       C       D       E      F
               +-------+-------+-------+-------+-------+----------------------
         Total | 100.0 | 100.0 |   N/A |   N/A | 100.0 |  38.7
       Dungeon | 100.0 | 100.0 |   N/A |   N/A | 100.0 |  38.7
               +-------+-------+-------+-------+-------+----------------------

Table legend: (Time is in decaauts)
 A = Elapsed time spent in this place.
 B = Non-inter-level travel time spent in this place.
 C = Inter-level travel time spent in this place.
 D = Time resting spent in this place.
 E = Time spent auto-exploring this place.
 F = Levels seen in this place.
 G = Mean time per level.
                   A        B        C        D        E       F      G
               +--------+--------+--------+--------+--------+-----+--------+
         Total |   1077 |   1036 |     41 |      0 |    733 |   3 |  359.0 |
       Dungeon |   1077 |   1036 |     41 |      0 |    733 |   3 |  359.0 |
               +--------+--------+--------+--------+--------+-----+--------+

Top non-repeatable levels by time:
     D:1: 682 daAuts
     D:2: 331 daAuts
     D:3: 63 daAuts
